 Dungeon Crawl Stone Soup version 0.18.1-48-g4cf74bf (webtiles) character file.

46 meme the Digger (level 3, -4/19 HPs)
             Began as a Deep Elf Earth Elementalist on July 8, 2016.
             Killed by divine providence
             ... invoked by an orc priest
              (12 damage)
             ... on level 4 of the Dungeon.
             The game lasted 00:10:28 (557 turns).

meme the Digger (Deep Elf Earth Elementalist)        Turns: 557, Time: 00:10:28

Health: -4/19      AC:  3    Str:  5    XL:     3   Next: 44%
Magic:  1/10       EV: 13    Int: 19    God:
Gold:   42         SH:  0    Dex: 16    Spells: 2 memorised, 6 levels left

rFire  . . .     SeeInvis .     n - +2 dagger (elec)
rCold  . . .     Gourm    .     e - +1 robe
rNeg   . . .     Faith    .     (no shield)
rPois  .         Spirit   .     (no helmet)
rElec  .         Dismiss  .     (no cloak)
rCorr  .         Reflect  .     (no gloves)
SustAt .         Harm     .     (no boots)
MR     .....                    (no amulet)
Stlth  ++........               (no ring)
                                (no ring)

@: very slightly contaminated, not resistant to hostile enchantments, unstealthy
A: no striking features
a: no special abilities


You were on level 4 of the Dungeon.
You were not hungry.

You visited 1 branch of the dungeon, and saw 4 of its levels.

You collected 42 gold pieces.

Inventory:

Hand Weapons
 j - a +0 morningstar
 n - a +2 dagger of electrocution (weapon)
Missiles
 b - 19 stones (quivered)
Armour
 a - a +0 robe
 e - a +1 robe (worn)
Scrolls
 f - a scroll of identify
 l - a scroll of remove curse
 o - a scroll of fear
 p - a scroll of enchant weapon {unknown}
Potions
 g - a potion of might
 k - 2 potions of heal wounds
Books
 c - a book of Geomancy

   Spells                             Type                      Level
   a - Sandblast                      Earth                        1
   b - Passwall                       Transmutation/Earth          2
   c - Stone Arrow                    Conjuration/Earth            3
   d - Petrify                        Transmutation/Earth          4
   e - Lee's Rapid Deconstruction     Earth                        5
Comestibles
 d - a bread ration
 h - 2 chunks of flesh
 i - a meat ration
 m - 4 fruits


   Skills:
 + Level 3.2 Dodging
 + Level 2.6 Stealth
 + Level 3.6 Spellcasting
 + Level 1.1 Transmutations
 + Level 4.1 Earth Magic


You had 6 spell levels left.
You knew the following spells:

 Your Spells              Type           Power        Failure   Level  Hunger
a - Sandblast             Erth           ###...       2%          1    None
b - Passwall              Trmt/Erth      ##........   10%         2    ##.....


Dungeon Overview and Level Annotations

Branches:
Dungeon (4/15)
 Temple: D:4-7

Altars:
Okawaru


Message History

Confirm with . or Enter, or press ? or * to list all spells.
Aiming: Sandblast
Press: ? - help, Shift-Dir - straight line, f/p - orc priest
Aim: an orc priest, wielding a club (severely wounded)
The rocky blast misses the orc priest.
The orc priest looks braver for a moment.
A quokka comes into view.
Wield which item (- for none, * to show all)? (? for menu, Esc to quit)
You hear the crackle of electricity.
n - a +2 dagger of electrocution (weapon)
The quokka closely misses you.
You hit the quokka but do no damage.
There is a sudden explosion of sparks!
You kill the quokka!
You completely miss the orc priest.
The orc priest is severely wounded.
The orc priest looks braver for a moment.
The orc priest invokes the aid of Beogh against you.
Beogh smites you!
Ouch! That really hurt!
You die...

.. ##.....## #
#####
#..#.......#.#
#..†.
..#.......#.#
#.###
....._.....#
#.#
#.....{.#.#
#.#
#...{...#.#
#.# #..)..# .#
#.#
#.####)####.#
#.#
#.....[.o.@.#
#.#
#########..##
#.# #.## #.#
#.# #.# #.#
#.# #.# #.#
#.# #.# #.#
#.# #.# #.#


You could see an orc priest.

Vanquished Creatures
  An iguana (D:4)
  2 orcs (D:4)
  6 goblins (D:3)
  A hobgoblin (D:3)
  2 quokkas
  3 bats
  2 kobolds
17 creatures vanquished.

Notes
Turn   | Place    | Note
--------------------------------------------------------------
     0 | D:1      | meme the Deep Elf Earth Elementalist began the quest for the Orb.
     0 | D:1      | Reached XP level 1. HP: 10/10 MP: 6/6
   295 | D:3      | Reached XP level 2. HP: 15/15 MP: 2/8
   482 | D:4      | Learned a level 2 spell: Passwall
   492 | D:4      | Reached skill level 4 in Earth Magic
   492 | D:4      | Reached XP level 3. HP: 19/19 MP: 10/10
   542 | D:4      | Found an iron altar of Okawaru.
   557 | D:4      | Killed from afar by an orc priest

Skill      XL: |  1  2 |
---------------+-------+-----
Dodging        | 3 |  3.2
Earth Magic    | 4 |  4.1
Stealth        | |  2.6
Spellcasting   | |  3.6
Transmutations | |  1.1

Action                   || total
-------------------------++-------
Melee: Morningstar       ||    14
       Dagger            ||     8
 Cast: Sandblast         ||    17
       Passwall          ||     4
  Use: Scroll            ||     6
Armor: Robe              ||    10
Dodge: Dodged            ||    33
